 Dungeon Crawl Stone Soup version 0.25-a0-200-g5ba96148f3 (webtiles) character file.

Game seed: 13912807769444556085, levelgen mode: deterministic

84 floatRand the Sneak (level 4, -2/36 HPs)
             Began as a Demigod Assassin on Dec 1, 2019.
             Slain by Sigmund
             ... wielding a +0 scythe
              (9 damage)
             ... on level 3 of the Dungeon.
             The game lasted 00:03:00 (2463 turns).

floatRand the Sneak (Demigod Assassin)              Turns: 2463, Time: 00:03:01

Health: -2/36      AC:  4    Str: 16    XL:     4   Next: 3%
Magic:  6/6        EV: 13    Int: 15    God:
Gold:   129        SH:  0    Dex: 17    Spells: 3/3 levels left

rFire    . . .     SeeInvis .   a - +2 dagger
rCold    . . .     Gourm    .   (no shield)
rNeg     . . .     Faith    .   b - +0 robe
rPois    .         Spirit   .   (no helmet)
rElec    .         Reflect  .   c - +0 cloak
rCorr    .         Harm     .   m - +0 pair of gloves
MR       .....                  (no boots)
Stlth    +++.......             (no amulet)
HPRegen  0.12/turn              q - ring of flight
MPRegen  0.10/turn              (no ring)

@: no status effects
A: high mp 1
a: Evoke Flight


You were on level 3 of the Dungeon.
You were not hungry.

You visited 1 branch of the dungeon, and saw 3 of its levels.

You collected 129 gold pieces.

Inventory:

Hand Weapons
 a - a +2 dagger (weapon)
 i - a cursed +0 flail
 n - a +1 hunting sling of flaming
Missiles
 d - 3 poisoned darts (quivered)
Armour
 b - a +0 robe (worn)
 c - a +0 cloak (worn)
 m - a +0 pair of gloves (worn)
Jewellery
 l - an uncursed ring of ice
 q - a ring of flight (left hand)
Wands
 r - a wand of flame (11)
Scrolls
 g - a scroll of identify {unknown}
 h - a scroll of magic mapping
 o - a scroll of teleportation
Potions
 k - a potion of flight {unknown}
 p - a potion of might {unknown}
Comestibles
 f - 4 rations


   Skills:
 - Level 1.7 Fighting
 + Level 2.7 Short Blades
 - Level 1.7 Throwing
 + Level 2.2 Dodging
 + Level 4.3 Stealth


You had 3 spell levels left.
You didn't know any spells.
Your spell library was empty.

Dungeon Overview and Level Annotations

Branches:
Dungeon (3/15)

Annotations:
D:3 Sigmund


Innate Abilities, Weirdness & Mutations

You have an increased reservoir of magic. (+10% MP)


Message History

Sigmund closely misses you.
Fire/throw which item? (* to show all) (? for menu, Esc to quit)
Throwing (i - inventory. (/) - cycle)
d - 3 poisoned darts (quivered)
Press: ? - help, Shift-Dir - straight line, f/p - Sigmund
Aim: Sigmund, wielding a +0 scythe and wearing a +0 robe (moderately wounded)
You throw a curare-tipped dart.
The curare-tipped dart barely misses Sigmund.
The hobgoblin hits you with a +0 club. Sigmund gestures at you while chanting.
The puff of flame misses you. Sigmund casts a spell at you.
The puff of flame hits you.
* * * LOW HITPOINT WARNING * * *
You see here a poisoned dart.
A kobold comes into view.
Sigmund laughs darkly.
Sigmund casts a spell at you. You resist with some effort.
Sigmund hits you from afar with a +0 scythe!
You die...

###.......# ##.... ..
##......(.####.....
..####..#......##......>
#..............##...##..
#..............##...##..
##...........(......###.(
.............###.........
........(....###.#.......
........@...##.(.........
........g...##.#...#.....
.K.......@.(.............
..............##.###.....
.........(.#..##.# #.....
...........#..##.###.....
.........................
..#......#.#..#..###.....
.##.###.....>##..# ######


You could see Sigmund, a hobgoblin and a kobold (sleeping).

Vanquished Creatures
  2 adders (D:2)
  3 worms
  2 dart slugs
  A leopard gecko (D:2)
  3 giant cockroaches
  5 goblins
  4 hobgoblins
  4 jackals (D:2)
  3 quokkas
  A ball python (D:2)
  5 bats
  3 frilled lizards
  7 kobolds
  9 rats
52 creatures vanquished.

Notes
Turn   | Place    | Note
-------+----------+-------------------------------------------
     0 | D:1      | floatRand the Demigod Assassin began the quest for the Orb.
     0 | D:1      | Reached XP level 1. HP: 17/17 MP: 3/3
    48 | D:1      | Reached skill level 1 in Dodging
   263 | D:1      | Reached XP level 2. HP: 24/24 MP: 4/4
   805 | D:2      | Reached skill level 4 in Stealth
   999 | D:2      | Reached XP level 3. HP: 21/29 MP: 5/5
  2302 | D:3      | Reached XP level 4. HP: 36/36 MP: 6/6
  2427 | D:3      | Noticed Sigmund
  2463 | D:3      | Slain by Sigmund

Levels and vault maps discovered:
D:1:      dpeg_arrival_concentric_ovals, layout_loops_ring
D:2:      layout_basic
D:3:      layout_rooms, minmay_pentomino_pile, uniq_sigmund

Skill      XL: |  1  2  3 |
---------------+----------+-----
Dodging        | 1 2 |  2.2
Short Blades   | 2 |  2.7
Stealth        | 4 |  4.3
Fighting       | |  1.7
Throwing       | |  1.7

Action                   |  1- 3 |  4- 6 || total
-------------------------+-------+-------++-------
Melee: Dagger            |   178 |     5 ||   183
Throw: Dart              |       |     9 ||     9
  Use: Scroll            |     3 |     1 ||     4
       Potion            |       |     1 ||     1
 Stab: Sleeping          |    13 |     1 ||    14
  Eat: Chunk             |     4 |     1 ||     5
Armor: Robe              |    23 |       ||    23
Dodge: Dodged            |   116 |     7 ||   123

Table legend:
 A = Non-vault XP
 B = Vault XP
 C = Vault XP percentage of total XP
 D = Non-vault monster count
 E = Vault monster count
 F = Vault count percentage of total count
                 A         B        C        D         E       F
            +---------+---------+-------+---------+---------+-------
      Total |     114 |       6 |   5.0 |      48 |       4 |   7.7
            +---------+---------+-------+---------+---------+-------
        D:1 |      31 |       0 |   0.0 |      19 |       0 |   0.0
        D:2 |      68 |       0 |   0.0 |      23 |       0 |   0.0
        D:3 |      15 |       6 |  28.6 |       6 |       4 |  40.0
            +---------+---------+-------+---------+---------+-------
